 Dungeon Crawl Stone Soup version 0.22.0-38-g04b72b8 (webtiles) character file.

1323 shmeve the Chopper (level 8, -1/73 HPs)
             Began as a Minotaur Berserker on Aug 29, 2018.
             Was a Priest of Trog.
             Slain by a killer bee (6 damage)
             ... on level 5 of the Dungeon.
             The game lasted 00:08:57 (4985 turns).

shmeve the Chopper (Minotaur Berserker)             Turns: 4985, Time: 00:08:58

Health: -1/73      AC:  5    Str: 24    XL:     8   Next: 33%
Magic:  7/7        EV: 13    Int:  4    God:    Trog [***...]
Gold:   291        SH:  0    Dex: 10    Spells: 7/7 levels left

rFire    . . .     SeeInvis .   a - +0 hand axe
rCold    . . .     Gourm    .   (no shield)
rNeg     . . .     Faith    .   b - +0 animal skin
rPois    .         Spirit   .   q - +2 hat
rElec    .         Reflect  .   e - +0 cloak
rCorr    +         Harm     .   (no gloves)
MR       .....                  (no boots)
Stlth    +.........             (no amulet)
HPRegen  0.22/turn              h - ring of resist corrosion
MPRegen  0.10/turn              (no ring)

@: lethally poisoned (-1 -> -5)
A: retaliatory headbutt, horns 2
a: Berserk, Trog's Hand, Renounce Religion


You were on level 5 of the Dungeon.
You worshipped Trog.
Trog was most pleased with you.
You were not hungry.

You visited 1 branch of the dungeon, and saw 5 of its levels.

You collected 291 gold pieces.

Inventory:

Hand Weapons
 a - a +0 hand axe (weapon)
Missiles
 u - 5 tomahawks (quivered)
Armour
 b - a +0 animal skin (worn)
 e - a +0 cloak (worn)
 q - a +2 hat (worn)
 y - a +2 shield
Jewellery
 h - a ring of resist corrosion (left hand)
Scrolls
 f - 5 scrolls of identify {unknown}
 i - 2 scrolls of enchant armour {unknown}
 m - a scroll of immolation {unknown}
 n - 3 scrolls of teleportation {unknown}
 r - a scroll of remove curse
 t - a scroll of amnesia {unknown}
 x - a scroll of fear {unknown}
Potions
 d - a potion of lignification {unknown}
 g - a potion of brilliance {unknown}
 j - a potion of heal wounds {unknown}
 k - a potion of curing
 l - 2 potions of degeneration {unknown}
 o - a potion of mutation {unknown}
 p - a potion of might {unknown}
 s - a potion of haste {unknown}
 v - a potion of ambrosia {unknown}
 w - a potion of resistance {unknown}
Comestibles
 c - 9 rations


   Skills:
 - Level 7.1 Fighting
 - Level 7.1 Axes
 - Level 4.8 Throwing
 - Level 4.9 Armour
 - Level 4.4 Dodging
 + Level 0.0 Shields


You had 7 spell levels left.
You didn't know any spells.
Your spell library was empty.

Dungeon Overview and Level Annotations

Branches:
Dungeon (5/15)
 Temple: D:4-7

Altars:
Cheibriados
Dithmenos
Gozag
Vehumet


Innate Abilities, Weirdness & Mutations

You reflexively headbutt those who attack you in melee.
You have a pair of horns on your head.


Message History

You are more poisoned.
The killer bee poisons you! The killer bee stings you.
* * * LOW HITPOINT WARNING * * *
You are more poisoned.
The killer bee poisons you! The killer bee closely misses you.
The killer bee stings you.
* * * LOW HITPOINT WARNING * * *
The killer bee misses you.
It was a potion of curing.
You feel better. The killer bee barely misses you. You furiously retaliate!
You headbutt the killer bee, but do no damage.
The killer bee stings you!
* * * LOW HITPOINT WARNING * * *
You are poisoned.
The killer bee poisons you!
The killer bee stings you but does no damage.
The killer bee barely misses you. The killer bee stings you.
* * * LOW HITPOINT WARNING * * *
The killer bee stings you.
You die... ###.# #.# #. #...#...# #.# #. #...###.# #.# #. #...# #.#####.# #. #...# #.......# #. #...# ######.## #. #...# #.# #. #yyy#

#.# #. #y@y# #.# ##
#...### #.# ##'##.#
#<# #..##.# #.#
#.####.###.######.#
#.................#
##########.########
#.# #.#


You could see 5 killer bees.

Vanquished Creatures
  Pikel (D:5)
  4 slaves (D:5)
  2 ogres (D:4)
  A centaur (D:4)
  A scorpion (D:5)
  2 hounds
  4 orc wizards
  A bullfrog skeleton (D:5)
  A jelly (D:5)
  An orc priest (D:4)
  Crazy Yiuf (D:2)
  Jessica (D:3)
  An iguana (D:4)
  2 worker ants
  Robin (D:3)
  8 adders
  2 shadow imps (D:5)
  An ooze (D:5)
  An adder zombie (D:5)
  5 dart slugs
  14 orcs
  8 bats
  12 goblins
  9 hobgoblins
  3 jackals (D:5)
  3 quokkas
  2 ball pythons
  A ball python skeleton (D:4)
  2 frilled lizards
  A jackal skeleton (D:4)
  7 kobolds
  A leopard gecko skeleton (D:4)
  4 rats
108 creatures vanquished.

Notes
Turn   | Place    | Note
-------+----------+-------------------------------------------
     0 | D:1      | shmeve the Minotaur Berserker began the quest for the Orb.
     0 | D:1      | Reached XP level 1. HP: 19/19 MP: 0/0
   341 | D:1      | Reached XP level 2. HP: 20/27 MP: 1/1
   667 | D:2      | Reached skill level 1 in Throwing
   924 | D:2      | Reached XP level 3. HP: 21/33 MP: 2/2
  1206 | D:2      | Reached ** piety under Trog
  1525 | D:2      | Found a runed door.
  1886 | D:2      | Noticed Crazy Yiuf
  1893 | D:2      | Killed Crazy Yiuf
  1893 | D:2      | Reached XP level 4. HP: 21/41 MP: 3/3
  2169 | D:3      | Found an opulent altar of Gozag.
  2188 | D:3      | Found a shadowy altar of Dithmenos.
  2324 | D:3      | Noticed Jessica
  2332 | D:3      | Killed Jessica
  2332 | D:3      | Reached XP level 5. HP: 47/47 MP: 4/4
  2986 | D:3      | Noticed Robin
  2992 | D:3      | Reached skill level 5 in Fighting
  2994 | D:3      | Killed Robin
  2994 | D:3      | Reached skill level 5 in Axes
  3260 | D:4      | Noticed a centaur
  3263 | D:4      | Reached XP level 6. HP: 51/56 MP: 5/5
  3378 | D:4      | Found a radiant altar of Vehumet.
  3790 | D:4      | Reached XP level 7. HP: 62/62 MP: 6/6
  4191 | D:5      | Entered Level 5 of the Dungeon
  4212 | D:5      | Reached *** piety under Trog
  4286 | D:5      | Noticed Pikel
  4301 | D:5      | Killed Pikel
  4301 | D:5      | Reached XP level 8. HP: 50/71 MP: 7/7
  4610 | D:5      | Found a snail-covered altar of Cheibriados.
  4985 | D:5      | Slain by a killer bee

Skill      XL: |  1  2  3  4  5  6  7  8 |
---------------+-------------------------+-----
Fighting       | 4 5 6 7 |  7.1
Axes           | 4 5 6 7 |  7.1
Throwing       | 1 2 3 4 |  4.8
Armour         | 3 4 |  4.9
Dodging        | 3 4 |  4.4

Action                   |  1- 3 |  4- 6 |  7- 9 || total
-------------------------+-------+-------+-------++-------
Melee: Hand axe          |    55 |   113 |    67 ||   235
       Headbutt          |    10 |    20 |    16 ||    46
Throw: Throwing net      |       |     1 |       ||     1
       Tomahawk          |       |       |     5 ||     5
Invok: Berserk           |     1 |     5 |     1 ||     7
       Trog's Hand       |       |     1 |       ||     1
  Use: Scroll            |     1 |       |       ||     1
       Potion            |       |       |     1 ||     1
 Stab: Distracted        |       |       |     1 ||     1
  Eat: Chunk             |     2 |    12 |     4 ||    18
       Ration            |       |       |     1 ||     1
Armor: Animal skin       |    22 |    19 |    14 ||    55
Dodge: Dodged            |    68 |    63 |    57 ||   188
